 Dungeon Crawl Stone Soup version 0.23-a0-183-gf37f6fb (webtiles) character file.

2453 mandick the Shield-Bearer (level 9, -9/74 HPs)
             Began as a Gnoll Fighter on Sept 23, 2018.
             Was a Believer of Cheibriados.
             Killed by divine providence
             ... invoked by an orc priest
              (12 damage)
             ... on level 6 of the Dungeon.
             The game lasted 00:19:47 (5347 turns).

mandick the Shield-Bearer (Gnoll Fighter)           Turns: 5347, Time: 00:19:48

Health: -9/74      AC: 10    Str: 25    XL:     9   Next: 50%
Magic:  15/15      EV: 12    Int: 17    God:    Cheibriados [**....]
Gold:   276        SH: 12    Dex: 23    Spells: 16/16 levels left

rFire    . . .     SeeInvis .   a - +0 war axe
rCold    . . .     Gourm    .   c - +0 shield
rNeg     . . .     Faith    .   w - +0 scale mail
rPois    .         Spirit   .   (no helmet)
rElec    .         Reflect  .   u - +0 cloak
rCorr    .         Harm     .   m - +0 pair of gloves
MR       +....                  (no boots)
Stlth    ++........             (no amulet)
HPRegen  0.22/turn              i - ring of protection from magic
MPRegen  0.14/turn              (no ring)

@: very slow
A: distributed training, fangs 1, strong nose
a: Bend Time, Renounce Religion


You were on level 6 of the Dungeon.
You worshipped Cheibriados.
Cheibriados was pleased with you.
You were not hungry.

You visited 2 branches of the dungeon, and saw 7 of its levels.

You collected 276 gold pieces.

Inventory:

Hand Weapons
 a - a +0 war axe (weapon)
 b - a +0 hunting sling of flaming
 e - a cursed -3 dagger
 A - a +2 dagger of venom
Missiles
 y - 81 stones
 z - 7 tomahawks (quivered)
 C - a throwing net
 F - 6 sling bullets
Armour
 c - a +0 shield (worn)
 m - a +0 pair of gloves (worn)
 u - a +0 cloak (worn)
 w - a +0 scale mail (worn)
Jewellery
 i - a ring of protection from magic (left hand)
Scrolls
 j - a scroll of enchant armour {unknown}
 n - 5 scrolls of remove curse
 q - a scroll of enchant weapon {unknown}
 r - 2 scrolls of immolation {unknown}
 s - a scroll of fear {unknown}
 t - 3 scrolls of identify {unknown}
 x - a scroll of blinking
 E - 2 scrolls of random uselessness {unknown}
 G - a scroll of vulnerability {unknown}
 I - a scroll of fog {unknown}
 K - a scroll of holy word {unknown}
Potions
 d - 2 potions of might
 g - a potion of berserk rage {unknown}
 h - a potion of flight {unknown}
 k - 2 potions of degeneration {unknown}
 l - a potion of haste {unknown}
 o - a potion of lignification {unknown}
 p - a potion of ambrosia {unknown}
 v - 2 potions of curing {unknown}
 B - 2 potions of agility {unknown}
 D - a potion of heal wounds {unknown}
Miscellaneous
 J - a phantom mirror
Comestibles
 f - 13 rations


   Skills:
 + Level 7.9 Fighting
 + Level 4.2 Short Blades
 + Level 4.2 Long Blades
 + Level 6.3 Axes
 + Level 4.2 Maces & Flails
 + Level 4.2 Polearms
 + Level 4.2 Staves
 + Level 4.2 Slings
 + Level 4.2 Bows
 + Level 4.2 Crossbows
 + Level 4.2 Throwing
 + Level 7.9 Armour
 + Level 4.2 Dodging
 + Level 4.2 Stealth
 + Level 7.9 Shields
 + Level 4.2 Unarmed Combat
 + Level 4.2 Spellcasting
 + Level 3.4 Conjurations
 + Level 3.4 Hexes
 + Level 3.4 Charms
 + Level 3.4 Summonings
 + Level 3.4 Necromancy
 + Level 3.4 Translocations
 + Level 3.4 Transmutations
 + Level 3.4 Fire Magic
 + Level 3.4 Ice Magic
 + Level 3.4 Air Magic
 + Level 3.4 Earth Magic
 + Level 3.4 Poison Magic
 + Level 4.6 Invocations
 + Level 4.2 Evocations


You had 16 spell levels left.
You didn't know any spells.
Your spell library was empty.

Dungeon Overview and Level Annotations

Branches:
Dungeon (6/15)             Temple (1/1) D:4

Altars:
Ashenzari
Cheibriados
Dithmenos
Elyvilon
Fedhas
Gozag
Hepliaklqana
Kikubaaqudgha
Makhleb
Nemelex Xobeh
Okawaru
Qazlal
Ru
Sif Muna
Trog
Uskayaw
Vehumet
Wu Jian
Yredelemnul
Zin
The Shining One

Annotations:
D:6 Dowan


Innate Abilities, Weirdness & Mutations

Your experience applies equally to all skills.
You have very sharp teeth.
Your uncanny sense of smell can sniff out nearby items.


Message History

The orc priest mumbles some strange prayers to Beogh against you.
You easily resist.
Throwing (i - inventory. (/) - cycle)
z - 8 tomahawks (quivered)
Press: ? - help, Shift-Dir - straight line, f - orc priest
Aim: an orc priest, wielding a dagger and wearing a ring mail You throw a tomahawk.
The tomahawk barely misses the orc priest.
Dowan casts a spell at you. You block the stone arrow.
You barely miss the orc priest.
The orc priest looks encouraged for a moment.
Dowan breathes, "And she was my only..."
Dowan mumbles some strange words.
Dowan blinks!
You barely miss the orc priest. The orc priest hits you with a dagger.
* * * LOW HITPOINT WARNING * * *
You closely miss the orc priest. Your bite misses the orc priest.
The orc priest calls down the wrath of Beogh upon you.
Beogh smites you!
You die...

#.# # #####.### #.# .. #..
....# #.# ... #.# #.#.#
#.# .... #.###.#.# #.###
..... #..#....# #.##.
......####....#..#####.#..
..(.o.'(o@................
......####...#.#.#####.#..
..... #e.......# #.##.
.... #........# #.### ...
#.###.##.# #.# #+
#.###.##.# #.# #.##...#.#
#.# #.###.##.# #.#
#.###.##.# #.#


You could see Dowan, an orc priest and an orc wizard.

Vanquished Creatures
  Prince Ribbit (D:6)
  Sigmund (D:3)
  Duvessa (D:6)
  A phantom (D:6)
  A necrophage (D:6)
  2 ogres
  2 centaurs
  2 big kobolds (D:3)
  2 bullfrogs (D:6)
  2 scorpions (D:4)
  A centaur zombie (D:6)
  2 crimson imps (D:6)
  A jelly (D:5)
  4 orc priests
  Crazy Yiuf (D:2)
  2 bullfrog skeletons
  4 hounds
  6 orc wizards
  Natasha (thrice) (D:2)
  4 worker ants
  2 hound skeletons
  12 adders
  4 gnolls (D:4)
  3 oozes
  An adder zombie (D:5)
  2 adder skeletons
  6 leopard geckos
  26 orcs
  7 giant cockroaches
  10 goblins
  9 hobgoblins
  7 jackals
  15 kobolds
  2 quokkas (D:6)
  11 bats
  4 frilled lizards
  8 rats
172 creatures vanquished.

Notes
Turn   | Place    | Note
-------+----------+-------------------------------------------
     0 | D:1      | mandick the Gnoll Fighter began the quest for the Orb.
     0 | D:1      | Reached XP level 1. HP: 23/23 MP: 1/1
    75 | D:1      | Reached XP level 2. HP: 28/29 MP: 2/2
   274 | D:1      | Reached XP level 3. HP: 34/35 MP: 3/3
   761 | D:2      | Found a runed door.
   765 | D:2      | Noticed Crazy Yiuf
   769 | D:2      | Killed Crazy Yiuf
   769 | D:2      | Reached skill level 1 in Short Blades
   769 | D:2      | Reached skill level 1 in Long Blades
   769 | D:2      | Reached skill level 1 in Maces & Flails
   769 | D:2      | Reached skill level 1 in Polearms
   769 | D:2      | Reached skill level 1 in Staves
   769 | D:2      | Reached skill level 1 in Slings
   769 | D:2      | Reached skill level 1 in Bows
   769 | D:2      | Reached skill level 1 in Crossbows
   769 | D:2      | Reached skill level 1 in Throwing
   769 | D:2      | Reached skill level 1 in Dodging
   769 | D:2      | Reached skill level 1 in Stealth
   769 | D:2      | Reached skill level 1 in Unarmed Combat
   769 | D:2      | Reached skill level 1 in Spellcasting
   769 | D:2      | Reached skill level 1 in Invocations
   769 | D:2      | Reached skill level 1 in Evocations
   769 | D:2      | Reached XP level 4. HP: 41/41 MP: 5/5
   910 | D:2      | Reached skill level 1 in Conjurations
   910 | D:2      | Reached skill level 1 in Hexes
   910 | D:2      | Reached skill level 1 in Charms
   910 | D:2      | Reached skill level 1 in Summonings
   910 | D:2      | Reached skill level 1 in Necromancy
   910 | D:2      | Reached skill level 1 in Translocations
   910 | D:2      | Reached skill level 1 in Transmutations
   910 | D:2      | Reached skill level 1 in Fire Magic
   910 | D:2      | Reached skill level 1 in Ice Magic
   910 | D:2      | Reached skill level 1 in Air Magic
   910 | D:2      | Reached skill level 1 in Earth Magic
   910 | D:2      | Reached skill level 1 in Poison Magic
   964 | D:2      | Reached XP level 5. HP: 27/47 MP: 6/6
  1076 | D:2      | Found a sacrificial altar of Ru.
  1101 | D:2      | Noticed Natasha
  1113 | D:2      | Killed Natasha
  1342 | D:2      | Reached XP level 6. HP: 53/53 MP: 8/8
  1545 | D:2      | Noticed Natasha
  1559 | D:2      | Killed Natasha
  1602 | D:2      | Noticed Natasha
  1609 | D:2      | Killed Natasha
  1674 | D:3      | Reached skill level 5 in Axes
  1890 | D:3      | Reached XP level 7. HP: 40/59 MP: 10/10
  2511 | D:3      | Noticed Sigmund
  2529 | D:3      | Killed Sigmund
  3194 | D:4      | Found a staircase to the Ecumenical Temple.
  3200 | Temple   | Entered the Ecumenical Temple
  3254 | Temple   | Became a worshipper of Cheibriados the Contemplative
  3510 | D:4      | Reached XP level 8. HP: 48/67 MP: 12/12
  3897 | D:4      | Reached * piety under Cheibriados
  3968 | D:5      | Entered Level 5 of the Dungeon
  4378 | D:5      | Found a shattered altar of Ashenzari.
  4587 | D:5      | Reached ** piety under Cheibriados
  4843 | D:6      | Noticed Prince Ribbit
  4918 | D:6      | Reached XP level 9. HP: 50/72 MP: 14/14
  5000 | D:6      | Killed Prince Ribbit
  5321 | D:6      | Noticed Duvessa
  5321 | D:6      | Noticed Dowan
  5331 | D:6      | Killed Duvessa
  5342 | D:6      | HP: 2/74 [orc priest/divine providence (9)]
  5347 | D:6      | Killed from afar by an orc priest

Vault maps used:
D:1:      tarquinn_simple_flora_water_f, minmay_misc_feat_five
D:2:      cheibrodos_pilgrimage, hangedman_ru_absence, uniq_crazy_yiuf_cottage,
          uniq_natasha
D:3:      cheibrodos_thug_alley, uniq_sigmund
D:4:      minmay_temple_entry_fiery
D:5:      serial_glass, glass_columns_c, glass_columns_a, first_ration,
          ashenzari_altar_1
D:6:      minmay_checkerbox, uniq_prince_ribbit1, uniq_duvessa
Temple:   nicolae_temple_the_god_donut

Skill      XL: |  1  2  3  4  5  6  7  8  9 |
---------------+----------------------------+-----
Short Blades   | 1 2 3 4 |  4.2
Long Blades    | 1 2 3 4 |  4.2
Maces & Flails | 1 2 3 4 |  4.2
Polearms       | 1 2 3 4 |  4.2
Staves         | 1 2 3 4 |  4.2
Slings         | 1 2 3 4 |  4.2
Bows           | 1 2 3 4 |  4.2
Crossbows      | 1 2 3 4 |  4.2
Throwing       | 1 2 3 4 |  4.2
Dodging        | 1 2 3 4 |  4.2
Stealth        | 1 2 3 4 |  4.2
Unarmed Combat | 1 2 3 4 |  4.2
Spellcasting   | 1 2 3 4 |  4.2
Invocations    | 1 2 3 4 |  4.6
Evocations     | 1 2 3 4 |  4.2
Conjurations   | 1 2 3 |  3.4
Hexes          | 1 2 3 |  3.4
Charms         | 1 2 3 |  3.4
Summonings     | 1 2 3 |  3.4
Necromancy     | 1 2 3 |  3.4
Translocations | 1 2 3 |  3.4
Transmutations | 1 2 3 |  3.4
Fire Magic     | 1 2 3 |  3.4
Ice Magic      | 1 2 3 |  3.4
Air Magic      | 1 2 3 |  3.4
Earth Magic    | 1 2 3 |  3.4
Poison Magic   | 1 2 3 |  3.4
Axes           | 5 6 |  6.3
Fighting       | 7 |  7.9
Armour         | 7 |  7.9
Shields        | 7 |  7.9

Action                   |  1- 3 |  4- 6 |  7- 9 || total
-------------------------+-------+-------+-------++-------
Melee: War axe           |    74 |   162 |   267 ||   503
       Bite              |     5 |    15 |    40 ||    60
       Unarmed           |       |     8 |       ||     8
 Fire: Hunting sling     |       |       |    22 ||    22
Throw: Tomahawk          |       |       |    33 ||    33
  Use: Scroll            |       |     2 |       ||     2
 Stab: Confused          |       |     1 |       ||     1
       Sleeping          |       |       |     2 ||     2
  Eat: Chunk             |       |     4 |     9 ||    13
Armor: Scale mail        |    34 |    74 |    87 ||   195
Dodge: Dodged            |    32 |    48 |    87 ||   167
Block: Shield            |    48 |   104 |   173 ||   325

Table legend:
 A = Non-vault XP
 B = Vault XP
 C = Vault XP percentage of total XP
 D = Non-vault monster count
 E = Vault monster count
 F = Vault count percentage of total count
                 A         B        C        D         E       F
            +---------+---------+-------+---------+---------+-------
      Total |    2195 |    1310 |  37.4 |     148 |      24 |  14.0
            +---------+---------+-------+---------+---------+-------
        D:1 |      47 |       0 |   0.0 |      28 |       0 |   0.0
        D:2 |     197 |     167 |  45.9 |      31 |       8 |  20.5
        D:3 |     139 |     436 |  75.8 |      20 |      11 |  35.5
        D:4 |     389 |       0 |   0.0 |      21 |       0 |   0.0
        D:5 |     704 |       0 |   0.0 |      27 |       0 |   0.0
        D:6 |     719 |     707 |  49.6 |      21 |       5 |  19.2
            +---------+---------+-------+---------+---------+-------
